 Dungeon Crawl Stone Soup version 0.16-a0-1970-g0967df0 (webtiles) character file.

47 thegroundistoosoft the Insei (level 3, -2/29 HPs)
             Began as a Mummy Monk on Nov 8, 2014.
             Slain by a gnoll (3 damage)
             ... on level 2 of the Dungeon.
             The game lasted 00:05:46 (2873 turns).

thegroundistoosoft the Insei (Mummy Monk)           Turns: 2873, Time: 00:05:46

Health: -2/29      AC:  3    Str: 14    XL:     3   Next: 48%
Magic:  3/3        EV:  7    Int:  9    God:
Gold:   52         SH:  0    Dex: 15    Spells: 0 memorised, 2 levels left

rFire  x . .     SeeInvis .       - Unarmed
rCold  + . .     Clarity  .     (no armour)
rNeg   + + +     SustAb   .     (no shield)
rPois  +         Gourm    .     (no helmet)
rElec  .         Spirit   .     c - +2 cloak
rCorr  .         Warding  .     (no gloves)
rMut   .         Stasis   .     (no boots)
MR     .....                    (no amulet)
Stlth  ++........               (no ring)
                                (no ring)

@: held, not resistant to hostile enchantments, unstealthy
A: no food or potions, fire vulnerability, restore body, cold resistance 1,
negative energy resistance 3, poison resistance, torment resistance, unbreathing
a: no special abilities


You were on level 2 of the Dungeon.
You were not hungry.

You visited 1 branch of the dungeon, and saw 2 of its levels.

You collected 52 gold pieces.


Innate Abilities, Weirdness & Mutations

You do not eat or drink.
Your flesh is vulnerable to fire.
Your flesh is cold resistant.
You are immune to negative energy.
Your system is resistant to poisons.
You are immune to unholy pain and torment.
You can survive without breathing.


   Skills:
 - Level 3.0 Fighting
 - Level 2.4 Dodging
 - Level 1.5 Stealth
 + Level 4.3 Unarmed Combat


You had 2 spell levels left.
You didn't know any spells.

Inventory:

Armour
 c - a +2 cloak (worn)
Scrolls
 a - 2 scrolls of fear {unknown}
 d - a scroll of magic mapping {unknown}
 e - 2 scrolls of remove curse {unknown}
 f - a scroll of teleportation {unknown}
 g - a scroll of fog {unknown}

Dungeon Overview and Level Annotations

Branches:
Dungeon (2/15)

Altars:

## #. #.#.............##.#####
## #.###......<........##.#....
.# #.....#.##..........##.#.###
.# ##.#.#.###.........##.#.###
.# # #...g.# #................#
# .# ###.#####...........)###.#
####.# ###.##g..g....########
#.# .....# #......##g#...# #..
...### #.#.#..##@g...# ### ##.#
#.#........#..# #†#
#.###..##....####
#.#####......##.#.....#
#...)........>.....##.#
#####################.##########
#........... ############


You could see 3 gnolls.


Message History

The gnoll barely misses you.
You hit the gnoll but do no damage.
The gnoll is almost dead.
The gnoll closely misses you.
You hit the gnoll.
The gnoll is almost dead.
There is a stone staircase leading up here.
You hit the gnoll but do no damage. The gnoll hits you but does no damage.
You barely miss the gnoll. The gnoll hits you!
* * * LOW HITPOINT WARNING * * *
You closely miss the gnoll. The gnoll hits you.
* * * LOW HITPOINT WARNING * * *
The gnoll shouts!
The gnoll closely misses you.
The gnoll throws a throwing net.
The throwing net hits you.
You become entangled in the net!
You see here a throwing net {=f!d}.
You try to slip out of the net.
You struggle against the net.
The gnoll hits you!
* * * LOW HITPOINT WARNING * * *
The gnoll barely misses you.
You try to slip out of the net.
The gnoll hits you from afar with a spear.
* * * LOW HITPOINT WARNING * * *
You can't drink.
Read which item? (? for menu, Esc to quit)
As you read the scroll labeled CLEEMP GEJ OPUZI, it crumbles to dust.
You hear a loud clanging noise!
It was a scroll of noise.
The gnoll hits you.
You die...

Action                   || total
-------------------------++-------
Melee: Unarmed           ||   144
  Use: Scroll            ||     1
 Stab: Sleeping          ||     1

Vault maps used:
D:1:      dpeg_arrival_water_fire, nrook_mini_backslash
D:2:      kennysheep_generic_room_10

Notes
Turn   | Place    | Note
--------------------------------------------------------------
     0 | D:1      | thegroundistoosoft, the Mummy Monk, began the quest for the Orb.
     0 | D:1      | Reached XP level 1. HP: 18/18 MP: 1/1
   768 | D:1      | Reached XP level 2. HP: 18/24 MP: 2/2
  1722 | D:2      | Reached skill level 4 in Unarmed Combat
  2104 | D:2      | Reached XP level 3. HP: 15/29 MP: 3/3
  2871 | D:2      | HP: 2/29 [gnoll (9)]
  2873 | D:2      | Slain by a gnoll

Vanquished Creatures
  A gnoll (D:2)
  2 worms (D:2)
  A ball python (D:1)
  6 goblins
  3 hobgoblins
  4 bats
  3 giant cockroaches (D:1)
  5 kobolds
  4 rats
29 creatures vanquished.
